 Dungeon Crawl Stone Soup version 0.26-a0-1033-gd598b01645 (webtiles) character file.

Game seed: 1603655509849633918

161 ANON1729 the Ruffian (level 5, -4/46 HPs)
             Began as a Naga Transmuter on Dec 10, 2020.
             Was an Initiate of Cheibriados.
             Killed by nerve-wracking pain
             ... invoked by Grinder
              (9 damage)
             ... on level 3 of the Dungeon.
             The game lasted 00:04:04 (3690 turns).

ANON1729 the Ruffian (Naga Transmuter)              Turns: 3690, Time: 00:04:04

Health: -4/46      AC:  3    Str: 13    XL:     5   Next: 42%
Magic:  9/9        EV: 10    Int: 16    God:    Cheibriados [......]
Gold:   127        SH:  0    Dex: 12    Spells: 8/9 levels left

rFire    . . .     SeeInvis +     - Unarmed
rCold    . . .     Faith    .   (no shield)
rNeg     . . .     Spirit   .   a - +0 robe
rPois    +         Reflect  .   (helmet currently unavailable)
rElec    .         Harm     .   h - +0 cloak
rCorr    .         Rampage  .   (no gloves)
Will     .....                  (no barding)
Stlth    +.........             (no amulet)
HPRegen  0.15/turn              (no ring)
MPRegen  0.11/turn              (no ring)

@: appendages, very slow
A: large, horns 2, see invisible, deformed body, poison resistance, slowness 2,
spit poison 1, AC +1
a: Spit Poison, End Transformation, Bend Time, Renounce Religion


You were on level 3 of the Dungeon.
You worshipped Cheibriados.
Cheibriados was noncommittal.
You had grown temporary horns.
You visited 1 branch of the dungeon, and saw 3 of its levels.

You collected 127 gold pieces.

Inventory:

Hand Weapons
 f - a +0 dagger of venom
Armour
 a - a +0 robe (worn)
 h - a +0 cloak (worn)
Jewellery
 k - a +4 ring of evasion {unknown}
Scrolls
 c - 6 scrolls of identify {unknown}
 e - a scroll of random uselessness {unknown}
 g - 6 scrolls of remove curse {unknown}
 i - 2 scrolls of amnesia {unknown}
 l - 4 scrolls of teleportation {unknown}
Potions
 b - 2 potions of degeneration {unknown}
 d - 3 potions of curing
 j - a potion of attraction {unknown}
 m - a potion of resistance {unknown}
 n - a potion of haste {unknown}
 o - a potion of heal wounds {unknown}


   Skills:
 + Level 2.3 Fighting
 + Level 2.4 Dodging
 + Level 3.7 Unarmed Combat
 + Level 2.8 Spellcasting
 + Level 2.9 Transmutations


You had 8 spell levels left.
You knew the following spells:

 Your Spells              Type           Power        Failure   Level
a - Beastly Appendage     Tmut           ##....       6%          1

Your spell library contained the following spells:

 Spells                   Type           Power        Failure   Level
 Wereblood                Tmut           ##......     9%          2
 Spider Form              Tmut/Pois      #.........   30%         3
 Ice Form                 Ice/Tmut       #.......     71%         4
 Blade Hands              Tmut           ##........   85%         5


Dungeon Overview and Level Annotations

Branches:
Dungeon (3/15)

Altars:
Cheibriados
Elyvilon
Gozag
Nemelex Xobeh

Annotations:
D:3 Grinder


Innate Abilities, Weirdness & Mutations

You cannot wear boots.
Your serpentine skin is tough. (AC +1)
You have supernaturally acute eyesight. (SInv)
Armour fits poorly on your strangely shaped body.
Your system is resistant to poisons. (rPois)
You cover ground very slowly.
You can spit poison.
You have a pair of horns on your head.


Message History

Grinder gestures at you. You resist with some effort. Grinder gestures at you.
Pain shoots through your body!
Things that are here:
a +0 hunting sling; 14 stones; a goblin corpse You hit Grinder.
Grinder is lightly wounded.
Grinder hits you!
You writhe in agony.
You hit Grinder but do no damage.
Grinder is lightly wounded.
Grinder hits you.
You writhe in agony.
* * * LOW HITPOINT WARNING * * *
You closely miss Grinder.
Grinder is lightly wounded.
Grinder hits you.
* * * LOW HITPOINT WARNING * * *
Grinder gestures at you. Pain shoots through your body!
You die...

#........#
#........#.#
#........#.#
#........#.#
#..(.....#.#
###(######.#
#5# #.# #)#
#.#
#@######.###.#
#............#
########.#####
#.#########
#..........
###########


You could see Grinder.

Vanquished Creatures
  Natasha (twice) (D:3)
  An orc wizard (D:3)
  2 adders (D:2)
  3 dart slugs
  2 leopard geckos (D:1)
  6 orcs (D:3)
  2 bats (D:3)
  2 giant cockroaches
  8 goblins
  5 hobgoblins
  6 frilled lizards
  8 kobolds
  8 rats
55 creatures vanquished.

Vanquished Creatures (others)
  3 plants (D:2)
3 creatures vanquished.

Grand Total: 58 creatures vanquished

Notes
Turn   | Place    | Note
-------+----------+-------------------------------------------
     0 | D:1      | ANON1729 the Naga Transmuter began the quest for the Orb.
     0 | D:1      | Reached XP level 1. HP: 18/18 MP: 3/3
   158 | D:1      | Reached XP level 2. HP: 23/25 MP: 3/5
  1053 | D:1      | Reached XP level 3. HP: 25/31 MP: 6/6
  1826 | D:2      | Found a white marble altar of Elyvilon.
  1998 | D:2      | Reached XP level 4. HP: 37/39 MP: 7/7
  2298 | D:3      | Found a sparkling altar of Nemelex Xobeh.
  2500 | D:3      | Noticed Natasha
  2505 | D:3      | Killed Natasha
  2926 | D:3      | Noticed Natasha
  2929 | D:3      | Found a snail-covered altar of Cheibriados.
  2948 | D:3      | Killed Natasha
  2949 | D:3      | Reached XP level 5. HP: 9/45 MP: 7/9
  2989 | D:3      | Became a worshipper of Cheibriados the Contemplative
  3192 | D:3      | Found an opulent altar of Gozag.
  3222 | D:3      | HP: 1/45 [orc wizard/+0 dagger (3)]
  3665 | D:3      | Noticed Grinder
  3690 | D:3      | Killed from afar by Grinder

Illustrated notes

Levels and vault maps discovered:
D:1:      mrwooster_arrival_statue_2, layout_loops_cross
D:2:      layout_loops_ring, lemuel_doored_altar, serial_forest,
          infiniplex_forest_straight_4, infiniplex_forest_lined_room_2,
          infiniplex_forest_clump_curved, infiniplex_forest_lined_room_,
          infiniplex_forest_end_1, infiniplex_forest_lined_2
D:3:      layout_basic, overflow_temple_1_default, kennysheep_slug_shrine,
          lemuel_round_altar, uniq_crazy_yiuf_cottage, uniq_natasha,
          uniq_grinder

Skill      XL: |  1  2  3  4 |
---------------+-------------+-----
Dodging        | 2 |  2.4
Fighting       | 2 |  2.3
Unarmed Combat | |  3.7
Spellcasting   | |  2.8
Transmutations | |  2.9

Action                   |  1- 3 |  4- 6 || total
-------------------------+-------+-------++-------
Melee: Unarmed           |   117 |   106 ||   223
       Headbutt          |     4 |     3 ||     7
       Punch             |     1 |     1 ||     2
 Cast: Beastly Appendage |     7 |     3 ||    10
 Abil: Spit Poison       |       |     3 ||     3
  Use: Potion            |       |     1 ||     1
 Stab: Sleeping          |     1 |       ||     1
Armor: Robe              |    23 |    35 ||    58
Dodge: Dodged            |    53 |    58 ||   111

Table legend: (Time is in decaauts)
 A = Elapsed time spent in this place.
 B = Non-inter-level travel time spent in this place.
 C = Inter-level travel time spent in this place.
 D = Time resting spent in this place.
 E = Time spent auto-exploring this place.
 F = Levels seen in this place.
 G = Mean time per level.
                   A        B        C        D        E       F      G
               +--------+--------+--------+--------+--------+-----+--------+
         Total |   4365 |   4356 |      9 |    906 |   2924 |   3 | 1455.0 |
       Dungeon |   4365 |   4356 |      9 |    906 |   2924 |   3 | 1455.0 |
               +--------+--------+--------+--------+--------+-----+--------+

Top non-repeatable levels by time:
     D:3: 1788 daAuts
     D:1: 1487 daAuts
     D:2: 1090 daAuts
